 Dungeon Crawl Stone Soup version 0.24.0-125-gc4c63601f3 (webtiles) character file.

Game seed: 7458396991713953182, levelgen mode: deterministic

711 lepoulpe303 the Purveyor of Pain (level 7, -2/46 HPs)
             Began as a Demonspawn Necromancer on Mar 20, 2020.
             Was an Initiate of Kikubaaqudgha.
             Slain by an orc
             ... wielding a +0 dagger
              (5 damage)
             ... on level 5 of the Dungeon on Mar 21, 2020.
             The game lasted 00:22:28 (5423 turns).

lepoulpe303 the Purveyor of Pain (DsNe)             Turns: 5423, Time: 00:22:28

Health: -2/46      AC: 12    Str:  8    XL:     7   Next: 40%
Magic:  8/14       EV: 14    Int: 19    God:    Kikubaaqudgha [......]
Gold:   194        SH:  0    Dex: 18    Spells: 3/15 levels left

rFire    . . .     SeeInvis .   s - +0 short sword (venom)
rCold    . . .     Gourm    .   (no shield)
rNeg     . . .     Faith    .   a - +0 robe
rPois    .         Spirit   .   (no helmet)
rElec    .         Reflect  .   (no cloak)
rCorr    .         Harm     .   p - +0 pair of gloves
MR       .....                  (no boots)
Stlth    +++.......             (no amulet)
HPRegen  0.15/turn              w - +5 ring of dexterity
MPRegen  0.14/turn              (no ring)

@: sanguine armour, slowed, very slow
A: talons 1, rot immunity, sanguine armour 2
a: Renounce Religion


You were on level 5 of the Dungeon.
You worshipped Kikubaaqudgha.
Kikubaaqudgha was noncommittal.
You were hungry.

You visited 2 branches of the dungeon, and saw 6 of its levels.
You also visited: Sewer.

You collected 194 gold pieces.

Inventory:

Hand Weapons
 k - a +0 short sword
 r - a +0 trident
 s - a +0 short sword of venom (weapon)
Missiles
 d - 10 boomerangs
 t - 10 poisoned darts
Armour
 a - a +0 robe (worn)
 p - a +0 pair of gloves (worn)
Jewellery
 w - a +5 ring of dexterity (left hand)
Scrolls
 b - 3 scrolls of remove curse {unknown}
 c - a scroll of magic mapping {unknown}
 f - 2 scrolls of fear {unknown}
 g - a scroll of teleportation {unknown}
 i - 2 scrolls of identify
 o - 3 scrolls of immolation {unknown}
 v - a scroll of blinking {unknown}
 y - 2 scrolls of enchant weapon {unknown}
 A - a scroll of torment {unknown}
Potions
 h - a potion of mutation {unknown}
 j - 5 potions of flight
 l - a potion of agility {unknown}
 m - 2 potions of lignification {unknown}
 n - a potion of cancellation {unknown}
 q - a potion of curing
 u - 3 potions of heal wounds {unknown}
 z - 3 potions of berserk rage {unknown}
 B - 2 potions of ambrosia {unknown}
 C - a potion of resistance {unknown}
Comestibles
 e - 4 rations
 x - 2 chunks of flesh


   Skills:
 + Level 3.4 Dodging
 + Level 3.6 Stealth
 * Level 4.7 Spellcasting
 * Level 6.8 Necromancy


You had 3 spell levels left.
You knew the following spells:

 Your Spells              Type           Power        Failure   Level  Hunger
a - Pain                  Necr           ####         1%          1    None
b - Animate Dead          Necr           N/A          8%          4    ####...
r - Regeneration          Chrm/Necr      ###.......   10%         3    ##.....
x - Vampiric Draining     Necr           ####......   2%          3    ##.....
A - Animate Skeleton      Necr           N/A          1%          1    None

Your spell library contained the following spells:

 Spells                   Type           Power        Failure   Level  Hunger


Dungeon Overview and Level Annotations

Branches:
Dungeon (5/15)             Temple (1/1) D:4           Sewer (visited)

Altars:
Dithmenos
Elyvilon
Fedhas
Gozag
Hepliaklqana
Kikubaaqudgha
Makhleb
Nemelex Xobeh
Okawaru
Qazlal
Ru
Sif Muna
Trog
Xom
Yredelemnul
Zin
The Shining One

Shops:
D:3 *

Annotations:
D:4 2 transporters


Innate Abilities, Weirdness & Mutations

You have sharp toenails.
You are immune to rotting.
When seriously injured, your bleeding wounds create thick armour. (AC +9)


Message History

The orc wizard casts a spell.
The orc wizard blinks!
You see here 12 gold pieces.
The orc wizard points at you and mumbles some strange words.
You feel yourself slow down.
The orc wizard casts a spell.
The orc wizard blinks!
The orc wizard casts a spell at you. The magic dart hits you.
* * * LOW HITPOINT WARNING * * *
You take 5 damage, and have 3/46 hp.
You hit the orc wizard but do no damage.
You claw the orc wizard, but do no damage.
The orc wizard hits you but does no damage. x2
You hit the orc wizard.
The orc wizard is poisoned.
You claw the orc wizard, but do no damage.
The orc hits you but does no damage. The orc wizard closely misses you.
The orc hits you with a +0 dagger.
You die...
Kikubaaqudgha rasps: "You have failed me!
Welcome... death!"

#.#.#..####g..........
#.#.o# #g#.###.##.#
#.##.# ##)#)# .# #....#
#.#g.# .# #####o# #Z#.#
.# #...oo# #.#.# .# #
#.###)# #.#.###.##.# #.#
#.# ##.#.##...#.###
###g###o###.....@o.......
...c....o...#####oo.#....
###o####.##.# #.c>.....
#o# #.##.# #...##.## #.#
#.##.# #.#.##.# #.#
#.co.#####$.....#
#.####.##.o.....#......
#......################
[.....o..#


You could see a centaur, an orc wizard and 2 orcs.

Levels and vault maps discovered:
D:1:      kennysheep_arrival_forest, layout_basic
D:2:      layout_loops_corners, lemuel_round_altar
D:3:      layout_rooms, nicolae_gozag_zags_fifth_avenue,
          cheibrodos_sewer_entry_sluice
D:4:      layout_basic, lightli_temple_of_fire, gammafunk_temple_overflow_arena,
          minmay_temple_entry_arrows, first_ration, minmay_distorted,
          uniq_edmund, uniq_sigmund
D:5:      layout_loops_ring, uniq_ijyb
Temple:   cyrus_circular_temple

Notes
Turn   | Place    | Note
-------+----------+-------------------------------------------
     0 | D:1      | lepoulpe303 the Demonspawn Necromancer began the quest for
                  | the Orb.
     0 | D:1      | Reached XP level 1. HP: 13/13 MP: 3/3
    18 | D:1      | Identified a +0 dagger
    81 | D:1      | Identified a +0 club
   118 | D:1      | Identified a +0 club
   203 | D:1      | Gained mutation: When seriously injured, your bleeding
                  | wounds create armour. (AC +9) [demonic ancestry]
   203 | D:1      | Reached XP level 2. HP: 11/19 MP: 0/5
   209 | D:1      | Reached skill level 2 in Stealth
   467 | D:1      | Identified a +0 short sword
   670 | D:1      | Reached skill level 2 in Dodging
   683 | D:1      | Identified a +0 pair of gloves (You found it on level 1 of
                  | the Dungeon)
   708 | D:1      | Identified a +0 dagger
   830 | D:1      | Learned a level 1 spell: Animate Skeleton
   843 | D:2      | Identified a +0 club
   844 | D:2      | Identified a +0 club
  1111 | D:2      | Identified a +0 club
  1111 | D:2      | Identified a +0 hunting sling
  1113 | D:2      | Gained mutation: You are immune to rotting. [demonic
                  | ancestry]
  1113 | D:2      | Reached XP level 3. HP: 13/24 MP: 4/6
  1180 | D:2      | Found a shadowy altar of Dithmenos.
  1643 | D:2      | Identified a +0 short sword
  1860 | D:2      | Reached skill level 5 in Necromancy
  1865 | D:2      | Learned a level 3 spell: Vampiric Draining
  2178 | D:2      | Identified 4 scrolls of identify
  2178 | D:2      | Identified 2 potions of flight
  2206 | D:3      | Identified a +0 trident (You found it on level 3 of the
                  | Dungeon)
  2232 | D:3      | Identified a +0 club
  2243 | D:3      | Gained mutation: You have sharp toenails. [demonic
                  | ancestry]
  2243 | D:3      | Reached XP level 4. HP: 27/30 MP: 8/8
  2248 | D:3      | Learned a level 3 spell: Regeneration
  2255 | D:3      | Found an opulent altar of Gozag.
  2255 | D:3      | Identified a +0 club
  2262 | D:3      | Found Gozag's Platinum Reserve.
  2357 | D:3      | Found a glowing drain.
  2388 | Sewer    | Entered a sewer
  2394 | Sewer    | Identified 2 potions of curing
  2397 | Sewer    | Reached skill level 3 in Spellcasting
  2607 | Sewer    | Identified a +0 short sword of venom
  2607 | Sewer    | Noticed a big kobold
  2609 | Sewer    | Identified a +0 club
  2610 | Sewer    | Identified a +0 dagger
  2626 | Sewer    | Killed a big kobold
  2626 | Sewer    | Gained mutation: When seriously injured, your bleeding
                  | wounds create thick armour. (AC +9) [demonic ancestry]
  2626 | Sewer    | Reached XP level 5. HP: 19/35 MP: 0/10
  2630 | Sewer    | HP: 8/35 [poisoned by a big kobold]
  2634 | Sewer    | HP: 3/35 [poisoned by a big kobold]
  2641 | Sewer    | Identified a cursed -3 short sword
  2880 | Sewer    | Identified a +0 short sword
  2947 | Sewer    | Found a white marble altar of Elyvilon.
  3066 | D:3      | Identified a ring of dexterity (You found it on level 3 of
                  | the Dungeon)
  3195 | D:3      | Identified a +0 hand axe
  3231 | D:3      | Identified a +0 club
  3416 | D:4      | Identified a +0 flail
  3580 | D:4      | Identified a +3 scythe of slicing
  3580 | D:4      | Identified a +0 robe
  3580 | D:4      | Noticed Sigmund
  3587 | D:4      | HP: 8/35 [Sigmund/+3 scythe of slicing (4)]
  3920 | D:4      | Found a bloodstained altar of Trog.
  3957 | D:4      | Found a staircase to the Ecumenical Temple.
  3962 | Temple   | Entered the Ecumenical Temple
  4043 | Temple   | lepoulpe303: !whichgod --ne
  4043 | Temple   | meem: 331 recent wins for --ne: 100x Kikubaaqudgha, 35x
                  | Makhleb, 29x Gozag, 27x Okawaru, 21x Ashenzari, 17x Ru, 15x
                  | Vehumet, 15x Cheibriados, 10x Nemelex Xobeh, 10x, 9x The
                  | Shining One, 8x Hepliaklqana, 6x Yredelemnul, 5x Sif Muna,
                  | 4x Uskayaw, 3x Xom, 3x Dithmenos, 2x Beogh, 2x Trog, 2x Wu
                  | Jian, 2x Elyvilon, 2x Fedhas, 2x Jiyva, Zin, Qazlal
  4043 | Temple   | lepoulpe303: !whichgod dsne
  4043 | Temple   | meem: 49 recent wins for dsne: 20x Kikubaaqudgha, 4x
                  | Vehumet, 4x Nemelex Xobeh, 3x Hepliaklqana, 2x Okawaru, 2x
                  | Cheibriados, 2x Dithmenos, 2x Gozag, 2x Ashenzari, 2x Xom,
                  | Wu Jian, Uskayaw, Fedhas, Ru, Trog, Yredelemnul
  4050 | Temple   | Became a worshipper of Kikubaaqudgha
  4333 | D:4      | Identified a +0 flail of crushing
  4333 | D:4      | Identified a +0 scale mail
  4333 | D:4      | Noticed Edmund
  4344 | D:4      | Killed Edmund
  4344 | D:4      | Reached skill level 3 in Dodging
  4344 | D:4      | Reached skill level 3 in Stealth
  4344 | D:4      | Reached skill level 4 in Spellcasting
  4344 | D:4      | Reached skill level 6 in Necromancy
  4344 | D:4      | Reached XP level 6. HP: 38/41 MP: 0/12
  4489 | D:4      | Identified a cursed +0 hand axe
  4489 | D:4      | Identified a +1 dagger of venom
  4489 | D:4      | Identified a +0 robe
  4489 | D:4      | Identified a +0 falchion
  4489 | D:4      | Identified a +0 ring mail
  4489 | D:4      | Identified a +0 falchion
  4489 | D:4      | Identified a +0 leather armour
  4677 | D:4      | Killed Sigmund
  4677 | D:4      | Reached XP level 7. HP: 27/46 MP: 4/13
  4683 | D:4      | Learned a level 4 spell: Animate Dead
  4697 | D:4      | Found a transporter.
  4706 | D:4      | Found a transporter.
  4707 | D:4      | Noticed a hippogriff
  4719 | D:4      | Found an iron altar of Okawaru.
  4720 | D:4      | Identified a +0 leather armour
  5229 | D:5      | Entered Level 5 of the Dungeon
  5229 | D:5      | Identified a +0 club
  5310 | D:5      | Identified a +0 spear
  5317 | D:5      | Identified a +0 club
  5346 | D:5      | Identified a +9 club
  5346 | D:5      | Identified a cursed +0 chain mail
  5346 | D:5      | Noticed Ijyb
  5346 | D:5      | Identified a +0 whip
  5350 | D:5      | Identified a +0 spear
  5355 | D:5      | Killed Ijyb
  5357 | D:5      | Identified a +0 club
  5371 | D:5      | HP: 8/46 [gnoll/+0 club (5)]
  5375 | D:5      | Identified a +0 dagger
  5375 | D:5      | Identified a +0 leather armour
  5382 | D:5      | Identified a +0 dagger
  5382 | D:5      | Identified a +0 robe
  5387 | D:5      | HP: 9/46 [gnoll/+0 spear (1)]
  5390 | D:5      | Identified a +0 whip
  5391 | D:5      | Identified a +0 shortbow
  5392 | D:5      | HP: 4/46 [orc wizard/magic dart (4)]
  5420 | D:5      | HP: 2/46 [orc wizard/magic dart (6)]
  5423 | D:5      | Slain by an orc

Table legend:
 A = Turns spent in this place as a percentage of turns spent in the entire game.
 B = Non-inter-level travel turns spent in this place as a percentage of non-inter-level travel turns spent in the entire game.
 C = Inter-level travel turns spent in this place as a percentage of turns spent in this place.
 D = Turns resting spent in this place as a percentage of non-inter-level travel turns spent in this place.
 E = Turns spent auto-exploring this place as a percentage of non-inter-level travel turns spent in this place.
 F = Non-inter-level travel turns spent in this place divided by the number of levels of this place that you've seen.
                   A       B       C       D       E      F
               +-------+-------+-------+-------+-------+----------------------
         Total | 100.0 | 100.0 |   3.2 |  31.4 |  45.9 | 749.7
       Dungeon |  86.4 |  86.1 |   3.6 |  27.8 |  49.9 | 903.4
        Temple |   1.8 |   1.7 |   7.2 |   0.0 |  60.0 |  90.0
         Sewer |  11.8 |  12.2 |   0.0 |  61.0 |  15.4 | 641.0
               +-------+-------+-------+-------+-------+----------------------

Table legend:
 A = Kills in this place as a percentage of kills in entire the game.
 B = Kills by you in this place as a percentage of kills by you in the entire game.
 C = Kills by friends in this place as a percentage of kills by friends in the entire game.
 D = Other kills in this place as a percentage of other kills in the entire game.
 E = Experience gained in this place as a percentage of experience gained in the entire game.
 F = Experience gained in this place divided by the number of levels of this place that you have seen.
                   A       B       C       D       E      F
               +-------+-------+-------+-------+-------+----------------------
         Total | 100.0 | 100.0 |   N/A |   N/A | 100.0 | 145.1
       Dungeon |  87.1 |  87.1 |   N/A |   N/A |  87.2 | 177.2
         Sewer |  12.9 |  12.9 |   N/A |   N/A |  12.8 | 130.0
               +-------+-------+-------+-------+-------+----------------------

Skill      XL: |  1  2  3  4  5 |
---------------+----------------+-----
Stealth        | 2 3 |  3.6
Dodging        | 2 3 |  3.4
Necromancy     | 5 6 |  6.8
Spellcasting   | 3 4 |  4.7

Action                   |  1- 3 |  4- 6 |  7- 9 || total
-------------------------+-------+-------+-------++-------
Melee: Short sword       |    80 |    65 |    33 ||   178
       Trident           |     7 |    40 |       ||    47
       Kick              |       |    24 |    12 ||    36
 Cast: Pain              |    33 |    47 |     6 ||    86
       Vampiric Draining |       |    10 |     1 ||    11
       Animate Dead      |       |       |     4 ||     4
  Use: Scroll            |     1 |     1 |       ||     2
       Potion            |       |     2 |       ||     2
 Stab: Sleeping          |     3 |     5 |     1 ||     9
  Eat: Chunk             |     4 |     4 |     1 ||     9
       Ration            |       |     2 |       ||     2
Armor: Robe              |    34 |    41 |     9 ||    84
Dodge: Dodged            |    98 |    97 |    31 ||   226

Vanquished Creatures
  Sigmund (D:4)
  Edmund (D:4)
  A big kobold (Sewer)
  An orc priest (D:4)
  A hound (D:4)
  Ijyb (D:5)
  An orc wizard (D:4)
  2 worker ants (D:4)
  6 gnolls (D:5)
  6 adders
  A river rat (Sewer)
  An adder skeleton (D:4)
  An adder zombie (D:5)
  2 worms (D:3)
  2 dart slugs
  5 leopard geckos
  7 orcs
  8 bats
  2 giant cockroaches
  4 goblins
  10 hobgoblins
  5 jackals
  4 quokkas
  5 frilled lizards
  12 kobolds
  11 rats
101 creatures vanquished.
